 Dungeon Crawl Stone Soup version 0.30.1-11-g7821555f0a (webtiles) character file.

Game seed: 9751687083907007810

65 MasterMaguku the Trooper (level 4, -10/38 HPs)
             Began as a Formicid Fighter on Dec 22, 2023.
             Was an Initiate of Gozag.
             Killed by divine providence
             ... invoked by an orc priest
              (17 damage)
             ... on level 3 of the Dungeon on Dec 23, 2023.
             The game lasted 00:02:31 (1366 turns).

MasterMaguku the Trooper (Formicid Fighter)         Turns: 1366, Time: 00:02:34

Health: -10/38     AC:  6    Str: 20 (23) XL:     4   Next: 35%
Magic:  4/4        EV:  9    Int:  5 (7)  God:    Gozag
Gold:   277        SH:  4    Dex: 11 (13) Spells: 3/3 levels left

rFire   . . .        a - +0 flail
rCold   . . .        c - +0 buckler
rNeg    . . .        b - +0 scale mail
rPois   .            (helmet unavailable)
rElec   .            (no cloak)
rCorr   .            (no gloves)
SInv    +            (no boots)
Will    .....        (no amulet) Stlth
                     (no ring)
HPRegen 0.26/turn    (no ring)
MPRegen 0.09/turn

%: no passive effects
@: mighty, attractive
A: permanent stasis, dig shafts and tunnels, antennae 3, four strong arms
a: Dig, Shaft Self, Renounce Religion, Potion Petition, Call Merchant, Bribe
Branch


You were on level 3 of the Dungeon.
You worshipped Gozag.
Gozag was aware of your devotion.
You visited 1 branch of the dungeon, and saw 3 of its levels.

You collected 277 gold pieces.

Inventory:

Hand Weapons
 a - a +0 flail (weapon)
Armour
 b - a +0 scale mail (worn)
 c - a +0 buckler (worn)
Jewellery
 n - a ring of flight
Scrolls
 e - a scroll of magic mapping {unknown}
 f - 3 scrolls of identify {unknown}
 g - a scroll of blinking {unknown}
 h - a scroll of fog {unknown}
 i - a scroll of acquirement {unknown}
 k - 2 scrolls of teleportation {unknown}
 m - 3 scrolls of immolation {unknown}
 o - a scroll of noise {unknown}
 p - a scroll of enchant weapon {unknown}
Potions
 j - a potion of degeneration


   Skills:
 * Level 4.6 Fighting
 + Level 3.1 Maces & Flails
 - Level 3.2 Armour
 - Level 4.0 Shields


You had 3 spell levels left.
You didn't know any spells.
Your spell library contained the following spells:

 Spells                   Type           Power      Damage    Failure   Level
 Static Discharge         Conj/Air       0%         2-2/arc   96%         2
 Airstrike                Air            0%         2d(0-16)  100%        4
 Summon Lightning Spire   Summ/Air       0%         N/A       100%        4
 Iskenderun's Battlesphe  Conj           0%         2d6       100%        5
 Iron Shot                Conj/Erth      0%         9d1       100%        6
 Spellforged Servitor     Conj/Summ      0%         N/A       100%        7


Dungeon Overview and Level Annotations

Branches:
Dungeon (3/15)

Altars:
Gozag


Innate Abilities, Weirdness & Mutations

You cannot be hasted, slowed, berserked, paralysed or teleported.
You can dig through walls and to a lower floor.
You have a pair of large antennae on your head. (SInv)
Your four strong arms can wield two-handed weapons with a shield.


Message History

Beogh smites you!
The hobgoblin hits you but does no damage.
The rat twitches its whiskers.
The orc priest mumbles some strange prayers to Beogh against you.
Beogh smites you! The hobgoblin closely misses you.
You feel very mighty all of a sudden. The rat bites you.
The orc barely misses you. The hobgoblin barely misses you.
It was a potion of degeneration.
There was something very wrong with that liquid.
You feel weakened.
You feel dopey.
You feel clumsy.
You feel less confused.
The orc priest casts a cantrip, but nothing happens.
The hobgoblin completely misses you. The orc hits you but does no damage.
You block the rat's attack.
It was a potion of attraction.
You feel attractive to monsters. The giant cockroach barely misses you.
The rat bites you.
* * * LOW HITPOINT WARNING * * *
A frilled lizard comes into view.
The hobgoblin closely misses you.
The frilled lizard is attracted toward you.
The giant cockroach attacks as you move away!
The giant cockroach bites you.
* * * LOW HITPOINT WARNING * * *
The hobgoblin attacks as you move away! The hobgoblin closely misses you.
The rat attacks as you move away! The rat bites you but does no damage.
The orc wizard attacks as you move away!
You block the orc wizard's attack.
The frilled lizard hisses angrily.
The orc priest casts a cantrip, but nothing happens.
The orc priest is attracted toward you. The orc is attracted toward you.
The frilled lizard is attracted toward you.
The orc wizard attacks as you move away!
The orc wizard hits you with a +0 dagger.
* * * LOW HITPOINT WARNING * * *
The orc priest mumbles some strange prayers to Beogh against you.
Beogh smites you!
You die...
Your body crumbles into a pile of gold.

####################
#...................
#.##################
#...# #####@#
#..oBo# $ #.g.oo#
##.o.r.# #.§l§..# #
#.§...## # ........#
## #..§.......# ..
#..........# ..


You could see an orc priest, an orc wizard, 3 orcs, a giant cockroach, a
hobgoblin, a frilled lizard and a rat.

Vanquished Creatures
  An adder (D:2)
  A dart slug (D:1)
  5 ball pythons
  6 endoplasms
  2 giant cockroaches
  9 goblins
  5 hobgoblins
  3 jackals (D:1)
  4 quokkas
  4 bats
  3 frilled lizards
  4 kobolds (D:1)
  3 rats
50 creatures vanquished.

Notes
Turn   | Place    | Note
-------+----------+-------------------------------------------
     0 | D:1      | MasterMaguku the Formicid Fighter began the quest for the
                  | Orb.
     0 | D:1      | Reached XP level 1. HP: 18/18 MP: 1/1
   102 | D:1      | Reached XP level 2. HP: 20/25 MP: 2/2
   147 | D:1      | Found a faded altar of an unknown god.
   178 | D:1      | Prayed at the altar of an unknown god.
   178 | D:1      | Became a worshipper of Gozag Ym Sagoz the Greedy
   379 | D:1      | Reached XP level 3. HP: 30/30 MP: 3/3
   753 | D:2      | Reached XP level 4. HP: 26/38 MP: 4/4
  1366 | D:3      | Killed from afar by an orc priest

Illustrated notes

Levels and vault maps discovered:
D:1:      spicycebolla_arrival_clurvy, layout_basic,
          hellmonk_ecumenical_altar_inner_sanctum
D:2:      layout_rooms
D:3:      layout_basic, kennysheep_slug_shrine, minivault_11,
          minmay_misc_feat_ornament, grunt_ministairs_4

Skill      XL: |  1  2  3  4 |
---------------+-------------+-----
Fighting       | 4 |  4.6
Maces & Flails | 3 |  3.1
Armour         | |  3.2
Shields        | |  4.0

Action                     |  1- 3 |  4- 6 || total
---------------------------+-------+-------++-------
  Melee: Flail             |    98 |    36 ||   134
    Use: Potion            |       |     3 ||     3
 Armour: Scale mail        |    54 |    20 ||    74
  Dodge: Dodged            |    41 |    23 ||    64
  Block: Buckler           |    25 |    12 ||    37
